 Dungeon Crawl Stone Soup version 0.25-a0-503-ge281fa673e (webtiles) character file.

Game seed: 13518413041912470523, levelgen mode: deterministic

2 Forecaster the Magician (level 1, -2/15 HPs)
             Began as a Naga Wizard on Feb 13, 2020.
             Slain by a hobgoblin
             ... wielding a +0 club
              (3 damage)
             ... on level 1 of the Dungeon.
             The game lasted 00:00:55 (53 turns).

Forecaster the Magician (Naga Wizard)                 Turns: 53, Time: 00:00:56

Health: -2/15      AC:  1    Str:  9    XL:     1   Next: 30%
Magic:  2/4        EV: 10    Int: 18    God:
Gold:   19         SH:  0    Dex:  9    Spells: 5/6 levels left

rFire    . . .     SeeInvis +   (no weapon)
rCold    . . .     Gourm    .   (no shield)
rNeg     . . .     Faith    .   a - +0 robe
rPois    +         Spirit   .   b - +0 hat
rElec    .         Reflect  .   (no cloak)
rCorr    .         Harm     .   (no gloves)
MR       .....                  (no barding)
Stlth    ++........             (no amulet)
HPRegen  0.05/turn              (no ring)
MPRegen  0.09/turn              (no ring)

@: very slow
A: large, see invisible, deformed body, poison resistance, slowness 2, slow
metabolism 1, spit poison 1, AC +0
a: Spit Poison


You were on level 1 of the Dungeon.
You were not hungry.

You visited 1 branch of the dungeon, and saw 1 of its levels.

You collected 19 gold pieces.

Inventory:

Armour
 a - a +0 robe (worn)
 b - a +0 hat (worn)
Potions
 c - a potion of mutation {unknown}
Comestibles
 d - a ration


   Skills:
 + Level 1.5 Dodging
 + Level 3.0 Stealth
 + Level 3.1 Spellcasting
 + Level 1.0 Conjurations
   Level 1.0 Summonings
   Level 1.0 Translocations


You had 5 spell levels left.
You knew the following spells:

 Your Spells              Type           Power        Failure   Level  Hunger
a - Magic Dart            Conj           #...         11%         1    None

Your spell library contained the following spells:

 Spells                   Type           Power        Failure   Level  Hunger
 Blink                    Tloc           N/A          16%         2    ##.....
 Call Imp                 Summ           #.......     16%         2    ##.....
 Slow                     Hex            #.......     24%         2    ##.....
 Conjure Flame            Conj/Fire      #.......     36%         3    ###....
 Mephitic Cloud           Conj/Pois/Air  #.......     38%         3    ###....


Dungeon Overview and Level Annotations

Branches:
Dungeon (1/15)

Altars:


Innate Abilities, Weirdness & Mutations

You cannot wear boots.
Your serpentine skin is tough. (AC +0)
You have supernaturally acute eyesight. (SInv)
Armour fits poorly on your strangely shaped body.
Your system is resistant to poisons. (rPois)
You cover ground very slowly.
You have a slow metabolism.
You can spit poison.


Message History

The hobgoblin is heavily wounded.
The hobgoblin barely misses you.
Your magical contamination has completely faded away.
The hobgoblin barely misses you.
There is a staircase leading out of the dungeon here.
The hobgoblin barely misses you. The hobgoblin hits you with a +0 club.
* * * LOW HITPOINT WARNING * * *
A goblin, a hobgoblin and a kobold come into view.
Casting: Magic Dart (safe; 11% risk of failure)
Confirm with . or Enter, or press ? or * to list all spells.
Okay, then.
A goblin comes into view. It is wielding a +0 club.
The goblin shouts!
The hobgoblin misses you.
The kobold shouts!
The hobgoblin shouts!
The kobold throws a stone.
The stone barely misses you.
You see here a stone.
The hobgoblin hits you with a +0 club.
You die...

#.......###.#.# ..
#...........#.#.##
#####.................
.........#####.........
######..#.....#..#####
##..#.......#..##
#..#....<....#..##
##..#.......#.....#
##..#@....#..#......
#####gg#####.(##...###
........(........†....
######...g...$.##...#.#
.....#....#...# ..#.#
####.#g##.##..# #
...........#
.#......###.#
.........# .#


You could see a hobgoblin and a goblin.

Vanquished Creatures
  A leopard gecko (D:1)
1 creature vanquished.

Notes
Turn   | Place    | Note
-------+----------+-------------------------------------------
     0 | D:1      | Forecaster the Naga Wizard began the quest for the Orb.
     0 | D:1      | Reached XP level 1. HP: 15/15 MP: 4/4
    53 | D:1      | Slain by a hobgoblin

Levels and vault maps discovered:
D:1:      scummos_arrival_hexagon, layout_basic

Action                   || total
-------------------------++-------
Melee: Unarmed           ||     2
 Cast: Magic Dart        ||     5
Dodge: Dodged            ||     8

Table legend:
 A = Non-vault XP
 B = Vault XP
 C = Vault XP percentage of total XP
 D = Non-vault monster count
 E = Vault monster count
 F = Vault count percentage of total count
                 A         B        C        D         E       F
            +---------+---------+-------+---------+---------+-------
      Total |       3 |       0 |   0.0 |       1 |       0 |   0.0
            +---------+---------+-------+---------+---------+-------
        D:1 |       3 |       0 |   0.0 |       1 |       0 |   0.0
            +---------+---------+-------+---------+---------+-------
